 Dungeon Crawl Stone Soup version 0.27-a0-1591-gc56fcc985a (webtiles) character file.

Game seed: 4796012315441960553

8869 mandarbmax the Cleaver (level 11, 0/95 HPs)
             Began as a Hill Orc Gladiator on July 20, 2021.
             Was a High Priest of Nemelex Xobeh.
             Shot with an arrow by a centaur warrior (19 damage)
             ... on level 8 of the Dungeon.
             The game lasted 00:19:16 (10170 turns).

mandarbmax the Cleaver (Hill Orc Gladiator)        Turns: 10170, Time: 00:19:16

Health: 0/95       AC: 17    Str: 20    XL:     11   Next: 37%
Magic:  20/20      EV: 17    Int:  8    God:    Nemelex Xobeh [*****.]
Gold:   475        SH:  0    Dex: 13    Spells: 10/10 levels left

rFire    . . .     SeeInvis +   r - +0 broad axe (protect)
rCold    . . .     Faith    .   (no shield)
rNeg     . . .     Spirit   .   H - +0 steam dragon scales
rPois    .         Reflect  .   c - +1 helmet
rElec    .         Harm     .   e - +1 cloak
rCorr    .         Rampage  .   (no gloves)
Will     .....                  (no boots)
Stlth    +.........             (no amulet)
HPRegen  0.25/turn              h - +4 ring of evasion
MPRegen  0.17/turn              p - ring of see invisible

@: mighty, under a protective aura, studying Earth Magic, invisible
A: no striking features
a: Renounce Religion, Draw Escape, Draw Destruction, Draw Summoning, Triple
Draw, Deal Four, Stack Five


You were on level 8 of the Dungeon.
You worshipped Nemelex Xobeh.
Nemelex Xobeh was extremely pleased with you.
You visited 1 branch of the dungeon, and saw 8 of its levels.
You also visited: Ossuary.

You collected 573 gold pieces.
You spent 98 gold pieces at shops.

Inventory:

Hand Weapons
 r - a +0 broad axe of protection (weapon)
Missiles
 d - 5 throwing nets (quivered)
Armour
 c - a +1 helmet (worn)
 e - a +1 cloak (worn)
 t - a +0 scale mail
 H - +0 steam dragon scales (worn)
 J - the +3 robe of Clouds {+Thunder rCloud rElec}
   (You found it on level 7 of the Dungeon)

   It can be evoked to surround the wearer with storm clouds, with success rate
   depending on Evocations skill.
   rElec:     It insulates you from electricity.
 L - a +1 helmet
Jewellery
 h - a +4 ring of evasion (left hand)
 p - a ring of see invisible (right hand)
 N - a ring of wizardry
Wands
 b - a wand of flame (2)
 D - a wand of mindburst (29)
 F - a wand of iceblast (20)
 I - a wand of acid (8)
Scrolls
 f - 2 scrolls of teleportation
 g - 2 scrolls of fog
 i - 2 scrolls of immolation
 q - 2 scrolls of magic mapping
 u - a scroll of vulnerability
 y - a scroll of fear
 z - a scroll of brand weapon
 A - a scroll of silence
 E - 4 scrolls of amnesia
 K - a scroll of enchant weapon {unknown}
Potions
 a - a potion of ambrosia
 j - a potion of mutation
 k - 2 potions of invisibility
 l - 2 potions of degeneration {unknown}
 m - 2 potions of might
 n - 2 potions of flight {unknown}
 o - 2 potions of curing
 s - 2 potions of attraction {unknown}
 v - 2 potions of lignification {unknown}
 w - a potion of heal wounds {unknown}
 x - a potion of brilliance
 B - 2 potions of magic {unknown}
 C - 2 potions of cancellation {unknown}
 G - 2 potions of haste {unknown}


   Skills:
 + Level 8.4 Fighting
 + Level 13.6 Axes
 - Level 1.7 Throwing
 - Level 6.0 Armour
 - Level 4.0 Dodging
 + Level 12.8 Invocations


You had 10 spell levels left.
You didn't know any spells.
Your spell library contained the following spells:

 Spells                   Type           Power      Damage    Failure   Level
 Sandblast                Erth           0%         2d4       41%         1
 Passwall                 Tmut/Erth      0%         N/A       54%         2
 Lee's Rapid Deconstruct  Erth           0%         3d5*      100%        5


Dungeon Overview and Level Annotations

Branches:
Dungeon (8/15)             Temple (0/1) D:4            Lair (0/6) D:8
Ossuary (visited)

Altars:
Hepliaklqana
Nemelex Xobeh
Okawaru
Qazlal
Uskayaw
Vehumet
Wu Jian
The Shining One

Shops:
D:3 !   D:5 (


Message History

You barely miss the centaur warrior.
The centaur warrior is moderately wounded.
The centaur warrior hits you but does no damage.
The centaur warrior barely misses you.
A vampire mosquito comes into view.
The centaur warrior closely misses you.
The centaur warrior kicks you but does no damage.
The vampire mosquito buzzes angrily.
You slice the centaur warrior!!
The centaur warrior is severely wounded.
The centaur warrior closely misses you.
The centaur warrior kicks you but does no damage.
Unknown command.
You barely miss the centaur warrior.
The centaur warrior is severely wounded.
The centaur warrior hits you.
The centaur warrior kicks you but does no damage.
The centaur warrior hits you but does no damage.
The centaur warrior kicks you.
Unknown command.
You slash the centaur warrior!
The centaur warrior is almost dead.
The centaur warrior closely misses you. The centaur warrior kicks you.
A tengu warrior comes into view.
It is wielding a +0 battleaxe and wearing a +0 plate armour of willpower.
Unknown command.
You slash the centaur warrior!
You kill the centaur warrior!
The centaur warrior wields a +0 shortbow.
The centaur warrior shoots an arrow.
The arrow hits you!
* * * LOW HITPOINT WARNING * * *
A centaur comes into view.
It is wielding a +1 long sword of holy wrath.
You hear two shouts!
Training target 6.0 for Armour reached!
Your Armour skill increases to level 6!
Okay, then.
You fade into invisibility!
The centaur warrior shoots an arrow.
The arrow barely misses the troll.
The arrow hits you!!
You die...
Your body glows slightly and disappears. ###.#.## ###...##.## #..#..#c# #.#...).#... #..#### Q# #. #..#..#.## ###.### .# #. ###)###..# ##.....## y# #. #.....##.. ##.......## F#c

##..#....##. #.........####)#
##..##..#..##
#...........#.#T###..###..##..#
#...........#.@##.#.....#.###.#
.
#...........#..........###....#
.
#...........#.##..#.###.#.....#
#.......)...###.#.#..##..###..#
#.........#########..#..##..##
##.......##.......##....#..##.
#.
##.....##..#####..##.....##..
#..###.###...# #...#######...
#..........#.#####.#......)..##


You could see a centaur warrior and a troll.

Vanquished Creatures
  A centaur warrior (D:8)
  A fire crab (D:6)
  A swamp dragon (shapeshifter) (D:8)
  A harpy (D:6)
  A faun (D:8)
  A gargoyle (D:8)
  2 kobold demonologists (D:6)
  2 trolls
  2 slime creatures
  Eustachio (D:4)
  2 yaks (D:8)
  A steam dragon (D:6)
  A water moccasin (D:7)
  8 orc warriors
  A hornet zombie (D:6)
  2 sky beasts
  2 black bears
  A centaur (D:5)
  An ogre (D:5)
  4 bullfrogs
  Dowan (D:5)
  3 scorpions
  A water moccasin skeleton (D:7)
  A killer bee (D:8)
  3 wights (D:8)
  3 howler monkeys (D:7)
  2 bullfrog zombies
  5 hounds
  5 orc priests
  2 centaur skeletons
  A gnoll shaman (D:6)
  2 jellies (D:5)
  4 iguanas
  Ijyb (D:5)
  Terence (D:2)
  4 orc wizards
  A statue (D:6)
  A killer bee zombie (D:8)
  A mummy (Ossuary)
  3 gnolls (D:6)
  8 adders
  3 shadow imps (D:6)
  2 white imps (D:5)
  3 ufetubi
  3 worms
  3 dart slugs
  20 orcs
  8 endoplasms
  9 giant cockroaches
  7 goblins
  9 hobgoblins
  3 jackals (D:1)
  A quokka (D:3)
  4 ball pythons
  6 bats
  3 frilled lizards
  5 gnoll skeletons (Ossuary)
  2 goblin zombies (D:4)
  10 kobolds
  8 kobold skeletons (Ossuary)
  12 orc skeletons (Ossuary)
  4 rats
  A plant (D:6)
215 creatures vanquished.

Vanquished Creatures (collateral kills)
  A two-headed ogre (D:8)
  An efreet (D:8)
  A wraith (Ossuary)
  A steam dragon (D:8)
  An acid dragon (D:8)
  Duvessa (D:5)
6 creatures vanquished.

Vanquished Creatures (others)
  A water moccasin (D:8)
  A fungus (D:1)
  3 plants
5 creatures vanquished.

Grand Total: 226 creatures vanquished

Notes
Turn   | Place    | Note
-------+----------+-------------------------------------------
     0 | D:1      | mandarbmax the Hill Orc Gladiator began the quest for the
                  | Orb.
     0 | D:1      | Reached XP level 1. HP: 18/18 MP: 1/1
   275 | D:1      | Reached XP level 2. HP: 22/25 MP: 2/2
   608 | D:1      | Reached XP level 3. HP: 31/31 MP: 3/3
  1112 | D:1      | Found a faded altar of an unknown god.
  1119 | D:1      | Became a worshipper of Nemelex Xobeh the Trickster
  1119 | D:1      | Reached * piety under Nemelex Xobeh
  1119 | D:1      | Received a gift from Nemelex Xobeh
  1329 | D:2      | Reached skill level 5 in Axes
  1329 | D:2      | Reached skill level 1 in Invocations
  1329 | D:2      | Reached XP level 4. HP: 16/38 MP: 3/5
  2303 | D:2      | Noticed Terence
  2307 | D:2      | Killed Terence
  2308 | D:2      | Reached XP level 5. HP: 45/45 MP: 5/7
  2603 | D:3      | Reached skill level 6 in Axes
  2796 | D:3      | Found Otunt's Distillery.
  2831 | D:3      | Bought a potion of might for 56 gold pieces
  2831 | D:3      | Bought a potion of curing for 42 gold pieces
  2862 | D:3      | Found an iron altar of Okawaru.
  2872 | D:3      | Reached ** piety under Nemelex Xobeh
  2872 | D:3      | Received a gift from Nemelex Xobeh
  3529 | D:4      | Reached XP level 6. HP: 48/51 MP: 7/9
  3574 | D:4      | Found an ornate altar of the Wu Jian Council.
  3576 | D:4      | Found a stormy altar of Qazlal.
  3827 | D:4      | Noticed Eustachio
  3844 | D:4      | Killed Eustachio
  3845 | D:4      | Reached skill level 7 in Axes
  3845 | D:4      | Reached skill level 5 in Invocations
  3860 | D:4      | Reached XP level 7. HP: 37/57 MP: 11/11
  3875 | D:4      | Received a gift from Nemelex Xobeh
  3933 | D:4      | Found a sand-covered staircase.
  3940 | Ossuary  | Entered an ossuary
  3940 | Ossuary  | Noticed a wraith
  3940 | Ossuary  | Noticed a wraith
  3940 | Ossuary  | Noticed a wraith
  4026 | Ossuary  | Noticed a wraith
  4040 | Ossuary  | Killed a wraith
  4041 | Ossuary  | Reached skill level 8 in Axes
  4381 | D:4      | Found a staircase to the Ecumenical Temple.
  4590 | D:5      | Entered Level 5 of the Dungeon
  4625 | D:5      | Found a glowing golden altar of the Shining One.
  4647 | D:5      | Reached *** piety under Nemelex Xobeh
  4714 | D:5      | Reached skill level 9 in Axes
  4714 | D:5      | Reached XP level 8. HP: 63/63 MP: 13/13
  4715 | D:5      | Found Qashasai's Weapon Shop.
  4782 | D:5      | Noticed Duvessa
  4782 | D:5      | Noticed Dowan
  4791 | D:5      | Killed Duvessa
  4796 | D:5      | Killed Dowan
  4916 | D:5      | Noticed Ijyb
  4919 | D:5      | Killed Ijyb
  5100 | D:5      | Reached skill level 10 in Axes
  5147 | D:5      | Found a hazy altar of Hepliaklqana.
  5531 | D:6      | Noticed a harpy
  5531 | D:6      | an electric eel changed into a harpy
  5546 | D:6      | Killed a harpy
  5547 | D:6      | Reached skill level 11 in Axes
  5547 | D:6      | Reached skill level 10 in Invocations
  5547 | D:6      | Reached XP level 9. HP: 57/69 MP: 14/16
  5639 | D:6      | Found a transporter.
  5643 | D:6      | Noticed a kobold demonologist
  5664 | D:6      | Noticed a fire crab
  5690 | D:6      | Found a transporter.
  5918 | D:6      | Reached skill level 1 in Armour
  6120 | D:6      | Noticed a kobold demonologist
  6692 | D:6      | Found a radiant altar of Vehumet.
  6933 | D:6      | Killed a kobold demonologist
  6938 | D:6      | Killed a fire crab
  6939 | D:6      | Reached skill level 5 in Fighting
  6939 | D:6      | Killed a kobold demonologist
  6940 | D:6      | Reached skill level 12 in Axes
  6940 | D:6      | Reached XP level 10. HP: 78/81 MP: 15/18
  7007 | D:7      | Found a hide-covered altar of Uskayaw.
  7007 | D:7      | Found the +3 robe of Clouds {+Thunder rCloud rElec}
  7267 | D:7      | Reached **** piety under Nemelex Xobeh
  7267 | D:7      | Received a gift from Nemelex Xobeh
  8499 | D:8      | Noticed a two-headed ogre
  8502 | D:8      | Noticed a faun
  8502 | D:8      | a two-headed ogre changed into a faun
  8516 | D:8      | Killed a faun
  8777 | D:8      | Received a gift from Nemelex Xobeh
  9024 | D:8      | Found a staircase to the Lair.
  9211 | D:8      | Noticed a gargoyle
  9234 | D:8      | Killed a gargoyle
  9235 | D:8      | Reached skill level 13 in Axes
  9325 | D:8      | Reached skill level 5 in Armour
  9532 | D:8      | Reached XP level 11. HP: 35/92 MP: 20/20
  9572 | D:8      | HP: 3/92 [acid (13)]
 10108 | D:8      | Reached ***** piety under Nemelex Xobeh
 10108 | D:8      | Received a gift from Nemelex Xobeh
 10112 | D:8      | Noticed a two-headed ogre
 10120 | D:8      | Killed a two-headed ogre
 10134 | D:8      | Noticed a centaur warrior
 10136 | D:8      | Noticed a swamp dragon
 10156 | D:8      | Killed a swamp dragon
 10161 | D:8      | Noticed a centaur warrior
 10167 | D:8      | Noticed a tengu warrior
 10168 | D:8      | Killed a centaur warrior
 10170 | D:8      | Shot with an arrow by a centaur warrior

Illustrated notes

Levels and vault maps discovered:
D:1:      grunt_arrival_lava_bath, layout_basic,
          dreamdust_ecumenical_altar_hidden_monk_grotto
D:2:      layout_rooms, serial_aquarium, aquarium_bridge_square
          [aquarium_subvault_wall, aquarium_subvault_bridge,
          aquarium_subvault_wall, aquarium_subvault_bridge], aquarium_window_1,
          aquarium_window_3, aquarium_window_fake, aquarium_window_1,
          aquarium_view_2f, aquarium_view_2e, minivault_14,
          grunt_decor_arrowhead, uniq_terence
D:3:      layout_loops_cross, okawaru_trees_2, serial_shops,
          nicolae_shop_window_shopping
D:4:      layout_basic, mainiacjoe_overflow_catwalk_spiral,
          minmay_temple_entry_metal_lava, enter_ossuary_4,
          kennysheep_generic_room_16, uniq_eustachio
D:5:      layout_gridville, amcnicky_altar_gilded, lemuel_tele_altar,
          serial_shops, shop_fountains, hangedman_decor_points, uniq_ijyb,
          uniq_duvessa
D:6:      gammafunk_wand_slinger, layout_layer_cave, vehumet_statue,
          nicolae_water_bricks, minmay_misc_feat_rugged
D:7:      layout_cave_pools, mainiacjoe_overflow_cross_hatched,
          wad_woods_river_04, kennysheep_cluttered_room, minmay_manual_mail
D:8:      minmay_the_grid_octo_tiled_octocenter [minmay_the_grid_octo_empty,
          minmay_the_grid_octo_odd_swirl, minmay_the_grid_octo_concentric,
          minmay_the_grid_octo_pinwheel, minmay_the_grid_octo_prize_star,
          minmay_the_grid_square_5x5_tetrominoes,
          minmay_the_grid_square_5x5_shrine2, minmay_the_grid_square_5x5_fat_x,
          minmay_the_grid_square_5x5_beaten_path], layout_loops_corners

Skill      XL: |  1  2  3  4  5  6  7  8  9 10 11 |
---------------+----------------------------------+-----
Fighting       | 3 5 7 8 |  8.4
Dodging        | 3 4 |  4.0
Axes           | 5 6 7 9 11 12 13 | 13.6
Invocations    | 1 3 4 5 7 10 11 12 | 12.8
Armour         | 4 5 6 |  6.0
Throwing       | |  1.7

Action                   |  1- 3 |  4- 6 |  7- 9 | 10-12 || total
-------------------------+-------+-------+-------+-------++-------
Melee: War axe           |   110 |   169 |       |       ||   279
       Broad axe         |       |    22 |   212 |   217 ||   451
Invok: Draw Destruction  |       |     2 |     5 |    11 ||    18
       Draw Summoning    |       |       |     2 |     4 ||     6
       Triple Draw       |       |       |     1 |       ||     1
       Draw Escape       |       |       |       |     6 ||     6
 Abil: Evoke Thunderclou |       |       |       |     1 ||     1
Evoke: Wand              |       |       |     2 |       ||     2
  Use: Scroll            |       |     2 |    10 |     3 ||    15
       Potion            |       |       |       |     4 ||     4
 Stab: Distracted        |       |       |       |     1 ||     1
       Sleeping          |       |       |       |     1 ||     1
Armor: Leather armour    |    24 |    44 |       |       ||    68
       Scale mail        |       |    14 |    97 |       ||   111
       Robe              |       |       |       |    32 ||    32
       Steam dragon scal |       |       |       |    36 ||    36
Dodge: Dodged            |   104 |   178 |   187 |   158 ||   627

Table legend: (Time is in decaauts)
 A = Elapsed time spent in this place.
 B = Non-inter-level travel time spent in this place.
 C = Inter-level travel time spent in this place.
 D = Time resting spent in this place.
 E = Time spent auto-exploring this place.
 F = Levels seen in this place.
 G = Mean time per level.
                   A        B        C        D        E       F      G
               +--------+--------+--------+--------+--------+-----+--------+
         Total |  10287 |  10066 |    221 |   1962 |   6169 |   9 | 1143.0 |
       Dungeon |   9872 |   9651 |    221 |   1800 |   6018 |   8 | 1234.0 |
       Ossuary |    414 |    414 |      0 |    162 |    151 |   1 |  414.0 |
               +--------+--------+--------+--------+--------+-----+--------+

Top non-repeatable levels by time:
     D:8: 2310 daAuts
     D:6: 1488 daAuts
     D:2: 1271 daAuts
     D:1: 1223 daAuts
     D:3: 1015 daAuts
     D:5: 941 daAuts
     D:7: 864 daAuts
     D:4: 757 daAuts
 Ossuary: 414 daAuts
